 Dungeon Crawl Stone Soup version 0.19-a0-160-gd53b84c (webtiles) character file.

275 wvc the Slasher (level 6, -1/44 HPs)
             Began as a Demonspawn Gladiator on May 20, 2016.
             Killed by nerve-wracking pain
             ... invoked by Grinder
              (4 damage)
             ... on level 3 of the Dungeon on May 21, 2016.
             The game lasted 00:05:44 (3110 turns).

wvc the Slasher (Demonspawn Gladiator)              Turns: 3110, Time: 00:05:45

Health: -1/44      AC:  7    Str: 15    XL:     6   Next: 3%
Magic:  6/6        EV: 11    Int:  9    God:
Gold:   177        SH:  0    Dex: 16    Spells: 0 memorised, 5 levels left

rFire  . . .     SeeInvis .     a - +0 long sword
rCold  . . .     Gourm    .     b - +0 leather armour
rNeg   . . .     Faith    .     (no shield)
rPois  .         Spirit   .     c - +0 helmet
rElec  .         Dismiss  .     (no cloak)
rCorr  .         Reflect  .     (no gloves)
SustAt .         Harm     .     (no boots)
MR     .....                    (no amulet)
Stlth  +.........               (no ring)
                                (no ring)

@: not resistant to hostile enchantments, very unstealthy
A: talons 1, icy blue scales 2
a: no special abilities


You were on level 3 of the Dungeon.
You were not hungry.

You visited 1 branch of the dungeon, and saw 3 of its levels.

You collected 177 gold pieces.

Inventory:

Hand Weapons
 a - a +0 long sword (weapon)
 m - a +3 dagger of pain
 o - a +2 dagger of speed
Missiles
 d - 2 throwing nets (quivered)
 r - 19 poisoned needles
Armour
 b - a +0 leather armour (worn)
 c - a +0 helmet (worn)
Scrolls
 g - a scroll of magic mapping {unknown}
 h - a scroll of identify {unknown}
 j - a scroll of blinking {unknown}
Potions
 k - a potion of berserk rage {unknown}
 l - a potion of cure mutation {unknown}
 n - a potion of mutation {unknown}
Comestibles
 f - 2 bread rations
 i - 2 beef jerkies
 p - a slice of pizza
 q - 2 chunks of flesh


   Skills:
 - Level 2.0 Fighting
 + Level 6.2 Long Blades
 - Level 1.7 Throwing
 - Level 2.6 Dodging


You had 5 spell levels left.
You didn't know any spells.

Dungeon Overview and Level Annotations

Branches:
Dungeon (3/15)

Altars:
Yredelemnul
The Shining One

Annotations:
D:3 Grinder


Innate Abilities, Weirdness & Mutations

You have sharp toenails.
You are mostly covered in icy blue scales (AC +3, EV -1).


Message History

* * * LOW HITPOINT WARNING * * *
You slash the black bear!
You kill the black bear!
Your Long Blades skill increases to level 6!
You have reached level 6!
Your experience leads to an increase in your attributes!
Increase (S)trength, (I)ntelligence, or (D)exterity?
You feel agile.
You feel sick.
You are no longer poisoned.
Grinder hits you but does no damage.
Read which item? (? for menu, Esc to quit)
As you read the scroll labeled NIASOST NOGHI, it crumbles to dust.
It is a scroll of enchant weapon.
Enchant which weapon? (? for menu, Esc to quit)
Your dagger of pain glows red for a moment.
The jackal bites you but does no damage.
Grinder gestures at you. Pain shoots through your body!
You die...

#............#
#............#
#......[.....#
#............#
####.........#
######..###
##.# #5# #@#
#h# #S# . #S##
.. #Kh# ...
##.# .... #.##
.....
##..###5.....
+....(S......


You could see Grinder, 2 adders, 2 jackals and a kobold.

Vanquished Creatures
  A black bear (D:3)
  Ijyb (D:2)
  Robin (D:1)
  5 adders
  A gnoll (D:1)
  An ooze (D:1)
  3 worms
  A dart slug (D:1)
  A giant gecko (D:2)
  8 bats
  2 giant cockroaches
  22 goblins
  8 hobgoblins
  10 jackals
  A ball python (D:1)
  3 giant newts
  5 kobolds
  6 rats
80 creatures vanquished.

Notes
Turn   | Place    | Note
--------------------------------------------------------------
     0 | D:1      | wvc the Demonspawn Gladiator began the quest for the Orb.
     0 | D:1      | Reached XP level 1. HP: 16/16 MP: 1/1
    40 | D:1      | Reached skill level 3 in Long Blades
    40 | D:1      | Gained mutation: You are partially covered in icy blue scales (AC +1). [demonic ancestry]
    40 | D:1      | Reached XP level 2. HP: 9/22 MP: 2/2
   608 | D:1      | Gained mutation: You are mostly covered in icy blue scales (AC +3, EV -1). [demonic ancestry]
   608 | D:1      | Reached XP level 3. HP: 23/27 MP: 3/3
   832 | D:1      | Reached skill level 4 in Long Blades
  1007 | D:2      | Noticed Robin
  1392 | D:1      | Reached XP level 4. HP: 10/33 MP: 4/4
  1632 | D:1      | Upgraded the game from 0.19-a0-157-gbc558dc to 0.19-a0-160-gd53b84c
  1652 | D:1      | Killed Robin
  2130 | D:2      | Reached skill level 5 in Long Blades
  2356 | D:2      | Found a glowing golden altar of the Shining One.
  2358 | D:2      | Noticed an angel
  2371 | D:2      | Found a basalt altar of Yredelemnul.
  2373 | D:2      | Noticed a profane servitor
  2472 | D:2      | Noticed Ijyb
  2492 | D:2      | Killed Ijyb
  2492 | D:2      | Gained mutation: You have sharp toenails. [demonic ancestry]
  2492 | D:2      | Reached XP level 5. HP: 26/38 MP: 5/5
  3084 | D:3      | Noticed Grinder
  3085 | D:3      | Noticed a black bear
  3109 | D:3      | Killed a black bear
  3109 | D:3      | Reached skill level 6 in Long Blades
  3109 | D:3      | Reached XP level 6. HP: 3/44 MP: 6/6
  3110 | D:3      | Killed from afar by Grinder

Vault maps used:
D:1:      dpeg_arrival_concentric_ovals
D:2:      kennysheep_goblin_castle, grunt_temple_overflow_holy_war, uniq_iyjb,
          uniq_robin
D:3:      marbit_many_paths, item_on_display_b, uniq_grinder

Skill      XL: |  1  2  3  4  5 |
---------------+----------------+-----
Long Blades    | 3 4 5 6 |  6.2
Fighting       | |  2.0
Throwing       | |  1.7
Dodging        | |  2.6

Action                   |  1- 3 |  4- 6 || total
-------------------------+-------+-------++-------
Melee: Long sword        |   122 |   144 ||   266
       Kick              |       |    14 ||    14
Throw: Throwing net      |       |     1 ||     1
  Use: Scroll            |       |     1 ||     1
 Stab: Distracted        |       |     1 ||     1
       Held in net/web   |       |     1 ||     1
  Eat: Chunk             |     2 |     5 ||     7
Armor: Leather armour    |    72 |    66 ||   138
Dodge: Dodged            |   108 |   111 ||   219
